[Event "42nd Olympiad Baku 2016 Open"]
[Site "Baku"]
[Date "2016.09.05"]
[Round "4.17"]
[White "Abdyjapar, Asyl"]
[Black "Gascon Del Nogal, Jose Rafael"]
[Result "0-1"]
[ECO "E90"]
[WhiteElo "2390"]
[BlackElo "2436"]
[Annotator ""]
[PlyCount "82"]
[EventDate "2016.??.??"]
[EventCountry "AZE"]
[SourceTitle "playchess.com"]
[Source "ChessBase"]
[WhiteTeam "Kyrgyzstan"]
[BlackTeam "Venezuela"]
[WhiteTeamCountry "KGZ"]
[BlackTeamCountry "VEN"]
[TimeControl "40/5400+30:1800+30"]

1. d4 {(00:00)} Nf6 {(00:00)} 2. c4 {(00:00)} g6 {(
00:00)} 3. Nc3 {(00:00)} Bg7 {(00:00)} 4. e4 {(00:01)} d6
{(00:00)} 5. Nf3 {(00:05)} O-O {(00:01)} 6. h3 {(
00:04)} e5 {(00:41)} 7. d5 {(04:10)} Nh5 {(00:08)} 8. g3 {
(00:04)} f5 {(00:06)} 9. exf5 {(00:03)} gxf5 {(00:
04)} 10. Nh4 {(00:12)} Qe8 {(17:55)} 11. g4 {(04:11)} Nf4
{(05:24)} 12. Nxf5 {(00:16)} Bxf5 {(06:52)} 13. gxf5 {
(00:06)} Rxf5 {(00:26)} 14. Rg1 {(02:23)} Na6 {(06:
53)} 15. Ne4 {(08:01)} Nc5 {(00:53)} 16. Nxc5 {(04:35)}
dxc5 {(00:04)} 17. Be3 {(00:06)} b6 {(09:25)} 18. Qg4 {
(03:44)} Qf7 {(00:19)} 19. O-O-O {(01:46)} Rf6 {(
05:44)} 20. Qh4 {(01:48)} Kh8 {(01:57)} 21. Rg4 {(01:17)}
Rf8 {(10:45)} 22. Qg3 {(05:41)} e4 {(08:32)} 23. Rd2 {
(05:33)} h5 {(01:38)} 24. Rg5 {(03:41)} Bh6 {(03:
35)} 25. Re5 {(00:51)} Rg8 {(02:18)} 26. Qh2 {(00:07)} Qg6
{(00:27)} 27. Kc2 {(02:52)} Rgf8 {(01:58)} 28. Be2 {
(05:01)} R6f7 {(04:43)} 29. Kb3 {(12:30)} Rf5 {(03:
41)} 30. Rxe4 {(05:46)} Qf7 {(05:42)} 31. Bf1 {(07:08)}
Qd7 {(04:40)} 32. Qh1 {(03:46)} Qd6 {(00:07)} 33. h4 {
(01:59)} Bg7 {(00:25)} 34. a3 {(04:12)} Be5 {(00:
16)} 35. Qf3 {(01:55)} b5 {(00:47)} 36. Qd1 {(01:56)}
bxc4+ {(00:33)} 37. Rxc4 {(02:09)} Rb8+ {(00:52)} 38. Ka2
{(00:05)} Nxd5 {(00:34)} 39. Bxc5 {(03:41)} Rxb2+ {
(00:26)} 40. Rxb2 {(00:00)} Nc3+ {(00:00)} 41. Rxc3 {
(00:14)} Qxd1 {(00:07)} 0-1

[Event "42nd Olympiad Baku 2016 Open"]
[Site "Baku"]
[Date "2016.09.05"]
[Round "4.17"]
[White "Aboudi, Marwan"]
[Black "Tamra, Attallah"]
[Result "1-0"]
[ECO "B27"]
[WhiteElo "2209"]
[BlackElo "2087"]
[Annotator ""]
[PlyCount "113"]
[EventDate "2016.??.??"]
[EventCountry "AZE"]
[SourceTitle "playchess.com"]
[Source "ChessBase"]
[WhiteTeam "Jordan"]
[BlackTeam "Palestine"]
[WhiteTeamCountry "JOR"]
[BlackTeamCountry "PLE"]
[TimeControl "40/5400+30:1800+30"]

1. e4 c5 2. Nf3 g6 3. c3 Bg7 4. d4 cxd4 5. cxd4 d5 6. e5 Nh6 7. Bf4 {(
12:21)} Bg4 {(09:44)} 8. Bb5+ {(00:41)} Nc6 {(00:48)} 9.
Bxc6+ {(00:11)} bxc6 {(00:07)} 10. Nbd2 {(04:45)} Nf5 {
(02:13)} 11. Qc2 {(09:48)} Qb6 {(02:50)} 12. h3 {(
02:04)} Bxf3 {(00:14)} 13. Nxf3 {(00:05)} Rc8 {(00:39)}
14. Rd1 {(02:25)} e6 {(01:49)} 15. g4 {(00:50)} Ne7 {
(00:29)} 16. O-O {(00:53)} O-O {(06:51)} 17. Rc1 {(
08:15)} f6 {(02:48)} 18. Be3 {(02:31)} Qc7 {(11:59)} 19.
exf6 {(04:32)} Bxf6 {(00:33)} 20. Rfe1 {(03:52)} Qd7 {
(11:49)} 21. Bh6 {(07:06)} Bg7 {(05:16)} 22. Bxg7 {
(00:28)} Rxf3 {(00:20)} 23. Qe2 {(04:36)} Rf4 {(03:
27)} 24. Qe5 {(04:09)} g5 {(08:25)} 25. Bh6 {(07:27)} Ng6
{(01:22)} 26. Qxe6+ {(02:02)} Qxe6 {(00:07)} 27. Rxe6 {
(00:03)} Rxd4 {(03:46)} 28. Bxg5 {(01:05)} c5 {(00:
26)} 29. Be3 {(02:50)} Nf4 {(00:59)} 30. Bxf4 {(02:03)}
Rxf4 {(00:01)} 31. Ra6 {(02:17)} d4 {(12:31)} 32. Rxa7 {
(00:45)} c4 {(04:07)} 33. Rd7 {(06:45)} Rc6 {(09:
10)} 34. Kg2 {(05:35)} Rcf6 {(03:18)} 35. Rc2 {(00:17)} d3
{(00:47)} 36. Rd2 {(00:04)} h5 {(00:06)} 37. gxh5 {
(01:32)} R6f5 {(00:02)} 38. Rd6 {(03:21)} Rg5+ {(
00:25)} 39. Kf1 {(02:02)} Rxh5 {(00:22)} 40. Rg6+ {(01:00]
} Kf7 {(00:02)} 41. Rg4 {(30:22)} Rxg4 {(31:32)} 42. hxg4
{(00:19)} Rh1+ {(00:00)} 43. Kg2 {(00:00)} Rc1 {(
00:00)} 44. Kf3 {(00:00)} Re1 {(00:00)} 45. g5 {(00:00)}
Kg6 {(00:00)} 46. a4 {(00:00)} Kxg5 {(00:00)} 47. a5 {
(00:00)} Kf5 {(00:00)} 48. a6 {(00:00)} Re8 {(00:
00)} 49. Rd1 {(00:00)} Ra8 {(00:00)} 50. Ra1 {(00:00)} Ke5
{(00:00)} 51. Ke3 {(00:00)} Kd5 {(00:00)} 52. a7 {(
00:00)} Kc5 {(00:00)} 53. f4 {(00:00)} Re8+ {(00:00)} 54.
Kd2 {(00:00)} Re2+ {(00:00)} 55. Kd1 {(00:00)} Rxb2 {
(00:00)} 56. a8=Q {(00:00)} c3 {(00:00)} 57. Qa5+ {Kd5}
1-0

[Event "42nd Olympiad Baku 2016 Open"]
[Site "Baku"]
[Date "2016.09.05"]
[Round "4.21"]
[White "Adams, Michael"]
[Black "Giri, Anish"]
[Result "1/2-1/2"]
[ECO "B91"]
[WhiteElo "2738"]
[BlackElo "2755"]
[Annotator ""]
[PlyCount "55"]
[EventDate "2016.??.??"]
[EventCountry "AZE"]
[SourceTitle "playchess.com"]
[Source "ChessBase"]
[WhiteTeam "England"]
[BlackTeam "Netherlands"]
[WhiteTeamCountry "ENG"]
[BlackTeamCountry "NED"]
[TimeControl "40/5400+30:1800+30"]

1. e4 {(00:00)} c5 {(00:00)} 2. Nf3 {(00:00)} d6 {(
00:00)} 3. d4 {(00:00)} cxd4 {(00:00)} 4. Nxd4 {(00:00)}
Nf6 {(00:00)} 5. Nc3 {(00:00)} a6 {(00:00)} 6. g3 {
(00:04)} e5 {(00:00)} 7. Nde2 {(00:05)} Be7 {(00:
36)} 8. Bg2 {(00:13)} O-O {(00:06)} 9. O-O {(00:05)} b5 {
(00:07)} 10. Nd5 {(00:36)} Nxd5 {(00:07)} 11. Qxd5 {
(00:12)} Ra7 {(00:04)} 12. Be3 {(05:07)} Rb7 {(01:
31)} 13. a4 {(15:19)} b4 {(09:49)} 14. c3 {(07:05)} a5 {
(26:12)} 15. cxb4 {(07:23)} Rxb4 {(00:09)} 16. Nc3 {
(00:53)} Be6 {(04:02)} 17. Qd2 {(02:46)} Nc6 {(02:
31)} 18. Nd5 {(04:45)} Bxd5 {(06:31)} 19. Qxd5 {(00:16)}
Nd4 {(16:03)} 20. Bd2 {(04:42)} Rxb2 {(00:11)} 21. Bxa5 {
(00:44)} Qd7 {(07:27)} 22. Rfd1 {(14:48)} Rc8 {(02:
50)} 23. Be1 {(03:44)} h5 {(04:52)} 24. a5 {(03:31)} Rc5 {
(00:03)} 25. Qa8+ {(00:08)} Rc8 {(00:01)} 26. Qd5 {
(00:05)} Rc5 {(00:04)} 27. Qa8+ {(00:04)} Rc8 {(00:
01)} 28. Qd5 1/2-1/2

[Event "42nd Olympiad Baku 2016 Open"]
[Site "Baku"]
[Date "2016.09.05"]
[Round "4.19"]
[White "Adebo, Muhaba Detamo"]
[Black "Chumfwa, Kelvin"]
[Result "0-1"]
[ECO "A37"]
[WhiteElo "1944"]
[BlackElo "2240"]
[Annotator ""]
[PlyCount "60"]
[EventDate "2016.??.??"]
[EventCountry "AZE"]
[SourceTitle "playchess.com"]
[Source "ChessBase"]
[WhiteTeam "Ethiopia"]
[BlackTeam "Zambia"]
[WhiteTeamCountry "ETH"]
[BlackTeamCountry "ZAM"]
[TimeControl "40/5400+30:1800+30"]

1. c4 {(00:00)} c5 {(00:08)} 2. Nc3 {(00:00)} Nc6 {
(00:08)} 3. g3 {(00:00)} g6 {(01:03)} 4. Bg2 {(00:
03)} Bg7 {(00:59)} 5. Nf3 {(00:06)} Nh6 {(01:02)} 6. O-O {
(00:35)} O-O {(00:24)} 7. d3 {(01:14)} Nf5 {(00:20]
} 8. Bf4 {(03:30)} d6 {(01:32)} 9. Rb1 {(05:43)} Rb8 {
(00:43)} 10. a3 {(01:44)} a6 {(00:11)} 11. e4 {(12:
54)} Nfd4 {(02:10)} 12. Nxd4 {(02:34)} Nxd4 {(05:46)} 13.
Ne2 {(00:25)} Bg4 {(00:54)} 14. f3 {(01:14)} Bd7 {(
00:05)} 15. Nxd4 {(02:18)} Bxd4+ {(00:03)} 16. Kh1 {(00:
15)} b5 {(00:26)} 17. Qe2 {(17:44)} bxc4 {(00:33)} 18.
dxc4 {(00:05)} Rb3 {(00:41)} 19. Rfd1 {(23:11)} Qb6 {
(01:55)} 20. Bc1 {(04:11)} Rb8 {(00:44)} 21. Qd2 {(
03:05)} Be3 {(01:28)} 22. Qc2 {(02:28)} Rxa3 {(02:11)} 23.
Bxe3 {(05:21)} Rxe3 24. Rd3 Rxd3 {(02:37)} 25. Qxd3 {(00:
03)} Qb3 {(00:23)} 26. Qxb3 {(02:49)} Rxb3 {(00:07)} 27.
Kg1 {(00:10)} Be6 {(01:12)} 28. Bf1 {(01:21)} Rxf3 {
(00:12)} 29. Ra1 {(00:57)} Kg7 {(00:14)} 30. Rxa6 {
(00:11)} Rxf1+ {(00:20)} 0-1

[Event "42nd Olympiad Baku 2016 Open"]
[Site "Baku"]
[Date "2016.09.05"]
[Round "4.29"]
[White "Aderito, Pedro"]
[Black "Munoz Santana, Jose Lisandro"]
[Result "0-1"]
[ECO "A05"]
[WhiteElo "2315"]
[BlackElo "2439"]
[Annotator ""]
[PlyCount "133"]
[EventDate "2016.??.??"]
[EventCountry "AZE"]
[SourceTitle "playchess.com"]
[Source "ChessBase"]
[WhiteTeam "Angola"]
[BlackTeam "Dominican Republic"]
[WhiteTeamCountry "ANG"]
[BlackTeamCountry "DOM"]
[TimeControl "40/5400+30:1800+30"]

1. Nf3 {(00:00)} Nf6 {(00:00)} 2. c4 {(00:00)} e6 {
(00:06)} 3. Nc3 {(00:15)} d5 {(00:08)} 4. d4 {(00:
53)} dxc4 {(00:08)} 5. e3 {(00:21)} a6 {(00:06)} 6. a4 {
(00:17)} c5 {(00:40)} 7. Bxc4 {(00:16)} Nc6 {(00:
20)} 8. O-O {(00:16)} Be7 {(01:13)} 9. Qd3 {(04:19)} O-O {
(01:07)} 10. Rd1 {(00:20)} Qc7 {(01:15)} 11. Qe2 {(
00:45)} b6 {(00:29)} 12. h3 {(07:12)} Bb7 {(03:04)} 13.
Bd2 {(29:30)} cxd4 {(08:16)} 14. exd4 {(00:39)} Nb4 {
(00:27)} 15. Ne1 {(02:11)} Rac8 {(02:12)} 16. Bb3 {
(00:50)} Rfd8 {(01:25)} 17. Rac1 {(01:11)} Qb8 {(
02:49)} 18. Bg5 {(03:35)} h6 {(17:06)} 19. Be3 {(14:42)}
Nfd5 {(03:44)} 20. Nxd5 {(01:53)} Nxd5 {(00:10)} 21. Rxc8
{(01:20)} Rxc8 {(02:52)} 22. Nd3 {(08:28)} Bf6 {(
02:54)} 23. Qg4 {(01:51)} Nxe3 {(02:30)} 24. fxe3 {(00:18]
} Qd6 {(00:07)} 25. Qe2 {(04:26)} a5 {(01:20)} 26. Qf2 {
(07:00)} Be4 {(03:20)} 27. Qf4 {(02:17)} Qxf4 {(02:
18)} 28. Nxf4 {(00:18)} Kf8 {(06:47)} 29. Ne2 {(01:29)} h5
{(08:08)} 30. Nc3 {(00:33)} Bb7 {(00:45)} 31. Kf2 {
(01:12)} Ke7 {(05:29)} 32. Rd2 {(02:17)} Bh4+ {(18:
54)} 33. Kf1 {(02:34)} Ba6+ {(00:23)} 34. Nb5 {(00:17)}
Rc1+ {(04:37)} 35. Rd1 {(00:13)} Rc8 {(00:13)} 36. Rd3 {
(00:58)} Rc1+ {(01:57)} 37. Rd1 {(00:01)} Rc8 {(00:
13)} 38. Rd3 {(00:11)} Bg3 {(00:45)} 39. Rc3 {(00:26)} Rb8
{(00:40)} 40. Bd1 {(00:00)} g6 {(00:00)} 41. Be2 {(
03:03)} Rc8 {(05:25)} 42. Rxc8 {(09:44)} Bxc8 {(00:01)}
43. Na7 {(03:35)} Bb7 {(09:20)} 44. Bf3 {(00:31)} Bxf3 {
(01:54)} 45. gxf3 {(00:02)} Kd7 {(00:09)} 46. Ke2 {
(01:42)} g5 {(01:07)} 47. Nb5 {(00:24)} f5 {(00:39]
} 48. e4 {(05:25)} Bf4 {(01:37)} 49. Kf2 {(01:45)} Kc6 {
(05:08)} 50. Na7+ {(02:28)} Kd7 {(00:18)} 51. Nb5 {
(00:03)} Bc1 {(01:58)} 52. b3 {(00:20)} Bd2 {(01:
32)} 53. Kf1 {(00:43)} Be3 {(00:44)} 54. Ke2 {(00:45)} Bf4
{(00:12)} 55. Kf2 {(00:16)} Bb8 {(00:59)} 56. Kg2 {
(02:05)} Kc6 {(01:27)} 57. Kf2 {(00:56)} fxe4 {(02:
53)} 58. fxe4 {(00:13)} e5 {(00:32)} 59. d5+ {(01:03)} Kc5
{(00:01)} 60. Kf3 {(00:30)} Kb4 {(01:42)} 61. d6 {(
00:14)} Bxd6 {(00:03)} 62. Nxd6 {(00:08)} Kxb3 {(00:03)}
63. Nc8 {(03:01)} Kxa4 {(00:01)} 64. Nxb6+ {(00:19)} Kb3 {
(01:03)} 65. Nd7 {(00:24)} a4 {(00:02)} 66. Nc5+ {(
00:34)} Kb4 {(00:23)} 67. Ke3 0-1

[Event "42nd Olympiad Baku 2016 Open"]
[Site "Baku"]
[Date "2016.09.05"]
[Round "4.36"]
[White "Adricula, Noel A"]
[Black "Moinzai, Khushal"]
[Result "0-1"]
[ECO "B73"]
[WhiteElo "1656"]
[BlackElo "1624"]
[Annotator ""]
[PlyCount "92"]
[EventDate "2016.??.??"]
[EventCountry "AZE"]
[SourceTitle "playchess.com"]
[Source "ChessBase"]
[WhiteTeam "Fiji"]
[BlackTeam "Afghanistan"]
[WhiteTeamCountry "FIJ"]
[BlackTeamCountry "AFG"]
[TimeControl "40/5400+30:1800+30"]

1. e4 {(00:00)} d6 {(01:40)} 2. Nf3 {(03:44)} Nf6 {
(01:48)} 3. Nc3 {(00:43)} g6 {(02:00)} 4. Be2 {(01:
44)} c5 {(02:04)} 5. O-O {(00:36)} Nc6 {(01:03)} 6. d4 {
(06:00)} cxd4 {(03:38)} 7. Nxd4 {(00:20)} Bg7 {(00:
57)} 8. Be3 {(01:18)} a6 {(03:35)} 9. a4 {(02:41)} O-O {
(05:41)} 10. Nb3 {(13:50)} b6 {(08:17)} 11. f4 {(
06:07)} Rb8 {(05:06)} 12. Kh1 {(00:25)} Nd7 {(04:05)} 13.
Rb1 {(04:40)} Nc5 {(05:16)} 14. Nd4 {(04:46)} Bb7 {
(03:58)} 15. Bf3 {(03:41)} Nb4 {(06:05)} 16. Qd2 {(
04:31)} a5 {(03:20)} 17. Rbd1 {(05:52)} Nc6 {(04:11)} 18.
b3 {(04:47)} Nb4 {(03:57)} 19. f5 {(04:57)} Rc8 {(
02:36)} 20. Bh6 {(05:48)} Nd7 {(03:42)} 21. Bxg7 {(00:13)}
Kxg7 {(00:22)} 22. fxg6 {(01:00)} hxg6 {(10:37)} 23. Bg4 {
(01:47)} Rh8 24. Rf3 {(01:59)} Ne5 {(05:04)} 25. Rg3 {
(05:38)} Rc5 {(02:25)} 26. Be6 {(01:27)} Nbc6 {(01:
40)} 27. Bd5 {(09:06)} Nxd4 {(00:43)} 28. Qxd4 {(00:29)}
Bc8 {(00:43)} 29. Rf1 {(00:37)} e6 {(00:23)} 30. Bc4 {
(00:30)} f6 {(02:37)} 31. Ne2 {(02:12)} Nxc4 {(00:
54)} 32. bxc4 {(00:19)} e5 {(00:49)} 33. Qd3 {(00:28)} Ba6
{(00:38)} 34. Qf3 {(01:31)} Bxc4 {(00:20)} 35. Rf2 {
(00:30)} Qe7 {(00:43)} 36. Nc3 {(00:31)} Bf7 {(00:
45)} 37. Nd5 {(00:34)} Bxd5 {(00:33)} 38. exd5 {(00:06)}
Rhc8 {(00:42)} 39. Qd3 {(00:16)} e4 {(00:38)} 40. Qb3 {
(00:00)} Qe5 {(00:00)} 41. h4 {(00:57)} Rxd5 {(03:
25)} 42. Rf1 {(00:38)} Qd4 {(04:45)} 43. Kh2 {(01:22)} Rh5
{(02:36)} 44. Kh3 {(01:50)} g5 {(04:22)} 45. Rxg5+ {
(02:48)} Rxg5 {(01:26)} 46. hxg5 {(00:08)} Rc3+ {(
00:32)} 0-1

[Event "42nd Olympiad Baku 2016 Open"]
[Site "Baku"]
[Date "2016.09.05"]
[Round "4.14"]
[White "Aguilar, Luis Miguel"]
[Black "Masrhi, Abdulrahman A"]
[Result "1-0"]
[ECO "A00"]
[WhiteElo "2301"]
[BlackElo "1900"]
[Annotator ""]
[PlyCount "107"]
[EventDate "2016.??.??"]
[EventCountry "AZE"]
[SourceTitle "playchess.com"]
[Source "ChessBase"]
[WhiteTeam "Bolivia"]
[BlackTeam "KSA"]
[WhiteTeamCountry "BOL"]
[TimeControl "40/5400+30:1800+30"]

1. g3 {(00:00)} d5 {(00:10)} 2. Bg2 {(00:00)} Nf6 {
(00:07)} 3. c4 {(00:00)} c6 {(01:13)} 4. cxd5 {(00:
00)} cxd5 {(00:08)} 5. Nf3 {(00:57)} Nc6 {(00:59)} 6. O-O
{(00:21)} Bf5 {(00:58)} 7. d3 {(00:46)} e6 {(01:42]
} 8. Nc3 {(00:24)} Be7 {(04:29)} 9. Qa4 {(16:07)} O-O {
(07:26)} 10. e4 {(01:32)} Bg6 {(01:52)} 11. Nh4 {(
04:51)} dxe4 {(17:07)} 12. Nxg6 {(00:43)} hxg6 {(00:07)}
13. dxe4 {(00:14)} Qb6 {(09:25)} 14. Rb1 {(27:22)} Ng4 {
(05:03)} 15. Qc2 {(12:45)} Rac8 {(13:49)} 16. Qe2 {
(06:11)} Nge5 {(02:50)} 17. Be3 {(01:15)} Nd4 {(08:
29)} 18. Bxd4 {(03:19)} Qxd4 {(00:24)} 19. Rfd1 {(05:56)}
Qb4 {(01:31)} 20. Qb5 {(08:29)} Qxb5 {(02:24)} 21. Nxb5 {
(00:05)} Rc2 {(00:30)} 22. Nd4 {(00:59)} Rc5 {(01:
56)} 23. f4 {(05:34)} Ng4 {(01:33)} 24. Rd3 {(01:06)} Ra5
{(02:29)} 25. h3 {(00:43)} Nf6 {(01:03)} 26. a3 {(
00:41)} Rd8 {(00:24)} 27. Rbd1 {(01:10)} Rc5 {(04:37)} 28.
Nf5 {(01:57)} gxf5 {(02:12)} 29. Rxd8+ {(00:04)} Bxd8 {
(00:12)} 30. Rxd8+ {(00:03)} Kh7 {(00:10)} 31. exf5 {
(00:43)} Rxf5 {(00:23)} 32. Rb8 {(00:51)} Rb5 {(00:
35)} 33. Rxb7 {(00:37)} Rxb7 {(00:48)} 34. Bxb7 {(00:05)}
a5 {(01:17)} 35. Bc6 {(00:13)} Kg8 {(00:09)} 36. Kf2 {
(01:22)} Kf8 {(00:06)} 37. Ke3 {(00:14)} Ke7 {(00:
09)} 38. b4 {(00:44)} Kd6 {(01:34)} 39. Bf3 {(00:14)} axb4
{(01:51)} 40. axb4 {(00:00)} Ng8 {(00:00)} 41. Kd4 {
(05:07)} Ne7 {(03:37)} 42. Be4 {(00:17)} f6 {(01:
17)} 43. Kc4 {(04:12)} Nc8 {(02:35)} 44. Kb5 {(05:00)} Kc7
{(07:46)} 45. Kc5 {(00:19)} Nb6 {(00:23)} 46. Bc6 {
(01:47)} Nc8 {(00:55)} 47. g4 {(05:51)} g5 {(00:57]
} 48. fxg5 {(00:07)} fxg5 {(00:09)} 49. b5 {(00:05)} Ne7 {
(00:23)} 50. b6+ {(00:12)} Kb8 {(00:03)} 51. Be4 {(
00:50)} Nc8 {(02:33)} 52. b7 {(01:19)} Nb6 {(00:52)} 53.
Kxb6 {(00:09)} e5 {(00:03)} 54. Kc6 {(00:08)} 1-0

[Event "42nd Olympiad Baku 2016 Open"]
[Site "Baku"]
[Date "2016.09.05"]
[Round "4.14"]
[White "Ashraf, Ahmed Ramadan"]
[Black "Wanyama, Harold"]
[Result "0-1"]
[ECO "B22"]
[WhiteElo "1952"]
[BlackElo "2251"]
[Annotator ""]
[PlyCount "74"]
[EventDate "2016.??.??"]
[EventCountry "AZE"]
[SourceTitle "playchess.com"]
[Source "ChessBase"]
[WhiteTeam "MDV"]
[BlackTeam "UGA"]
[WhiteTeamCountry "EGY"]
[BlackTeamCountry "UGA"]
[TimeControl "40/5400+30:1800+30"]

1. e4 {(00:00)} c5 {(00:00)} 2. c3 {(00:00)} Nf6 {(
00:00)} 3. e5 {(00:50)} Nd5 {(00:00)} 4. Nf3 {(00:43)} e6
{(00:22)} 5. a3 {(01:38)} Be7 {(00:53)} 6. b4 {(03:
46)} b6 {(05:35)} 7. c4 {(01:46)} Nc7 {(00:12)} 8. b5 {
(00:57)} a6 {(01:58)} 9. Nc3 {(01:36)} axb5 {(02:
35)} 10. cxb5 {(00:15)} Bb7 {(00:24)} 11. d4 {(00:11)} O-O
{(03:47)} 12. dxc5 {(06:26)} Bxc5 {(00:42)} 13. Be2 {
(00:00)} f6 {(01:21)} 14. Na4 {(00:39)} fxe5 {(01:
17)} 15. Nxc5 {(01:30)} bxc5 {(00:16)} 16. Bg5 {(02:03)}
Qc8 {(01:53)} 17. O-O {(04:06)} e4 {(00:15)} 18. Nd2 {
(00:53)} Rf5 {(02:27)} 19. h4 {(03:19)} d5 {(01:45]
} 20. Bg4 {(02:10)} Nxb5 {(01:57)} 21. Bxf5 {(01:03)} exf5
{(00:07)} 22. f3 {(02:29)} Nc3 {(10:15)} 23. Qb3 {(
04:15)} Ne2+ {(00:29)} 24. Kf2 {(00:06)} Nd4 {(01:04)} 25.
Qb2 {(00:04)} Nbc6 {(00:35)} 26. Be3 {(03:54)} Ne5 {
(00:27)} 27. Qb1 {(05:25)} Nd3+ {(00:29)} 28. Kg1 {
(00:13)} Ne2+ {(01:06)} 29. Kh2 {(03:02)} Qc7+ {(
02:57)} 30. f4 {(00:36)} d4 {(03:35)} 31. Qb3+ {(02:58)}
Kh8 {(01:51)} 32. Bg1 {(13:10)} Ndxf4 {(00:53)} 33. g3 {
(00:42)} Nd3 {(01:07)} 34. Bf2 {(00:46)} f4 {(00:
14)} 35. Be1 {(05:32)} fxg3+ {(01:13)} 36. Kg2 {(00:41)}
e3+ {(00:38)} 37. Nf3 {(00:50)} Ndf4+ {(00:30)} 0-1

[Event "42nd Olympiad Baku 2016 Open"]
[Site "Baku"]
[Date "2016.09.05"]
[Round "4.13"]
[White "Al Ghamdi, Ahmed M"]
[Black "Gemy, Jose Daniel"]
[Result "0-1"]
[ECO "B23"]
[WhiteElo "2192"]
[BlackElo "2384"]
[Annotator ""]
[PlyCount "58"]
[EventDate "2016.??.??"]
[EventCountry "AZE"]
[SourceTitle "playchess.com"]
[Source "ChessBase"]
[WhiteTeam "KSA"]
[BlackTeam "Bolivia"]
[BlackTeamCountry "BOL"]
[TimeControl "40/5400+30:1800+30"]

1. e4 {(00:00)} c5 {(00:47)} 2. Nc3 {(00:13)} d6 {(
00:31)} 3. g3 {(00:28)} Nc6 {(00:07)} 4. Bg2 {(00:11)} g6
{(00:07)} 5. f4 {(00:59)} Bg7 {(00:06)} 6. Nf3 {(
02:41)} e5 {(00:22)} 7. fxe5 {(01:11)} dxe5 {(00:35)} 8.
O-O {(00:51)} Nge7 {(00:08)} 9. d3 {(00:16)} O-O {(
05:13)} 10. Be3 {(03:11)} Nd4 {(00:36)} 11. Qd2 {(00:10)}
f6 {(01:14)} 12. Rf2 {(01:54)} Be6 {(00:33)} 13. b3 {
(01:59)} Qd7 {(00:56)} 14. Raf1 {(01:18)} b5 {(00:
22)} 15. Bh6 {(00:52)} Rac8 {(17:02)} 16. Bxg7 {(10:33)}
Kxg7 {(00:12)} 17. Nd1 {(13:17)} c4 {(13:58)} 18. dxc4 {
(03:38)} bxc4 {(00:24)} 19. Ne3 {(00:17)} c3 {(02:
07)} 20. Qc1 {(02:23)} a5 {(00:15)} 21. Ne1 {(07:02)} Nec6
{(10:19)} 22. Qa3 {(03:16)} Qa7 {(01:31)} 23. Nd3 {
(05:51)} Nxb3 {(11:26)} 24. axb3 {(06:27)} Qxe3 {(
01:36)} 25. Qc5 {(00:31)} Nd4 {(02:39)} 26. Qxa5 {(01:03)}
Nxc2 {(01:43)} 27. Nxe5 {(00:35)} Nd4 {(02:10)} 28. Nc4 {
(06:24)} Bxc4 {(00:43)} 29. bxc4 {(00:12)} c2 {(00:
32)} 0-1

[Event "42nd Olympiad Baku 2016 Open"]
[Site "Baku"]
[Date "2016.09.05"]
[Round "4.15"]
[White "Al Habeeb, Emad"]
[Black "Delgadillo, Adonay"]
[Result "0-1"]
[ECO "E83"]
[WhiteElo "2030"]
[BlackElo "2232"]
[Annotator ""]
[PlyCount "64"]
[EventDate "2016.??.??"]
[EventCountry "AZE"]
[SourceTitle "playchess.com"]
[Source "ChessBase"]
[WhiteTeam "KSA"]
[BlackTeam "Bolivia"]
[BlackTeamCountry "BOL"]
[TimeControl "40/5400+30:1800+30"]

1. d4 {(00:00)} Nf6 {(00:00)} 2. c4 {(00:00)} g6 {(
00:00)} 3. Nc3 {(00:20)} Bg7 {(00:00)} 4. e4 {(00:39)} d6
{(00:00)} 5. f3 {(00:58)} O-O {(00:19)} 6. Be3 {(
00:23)} Nc6 {(00:09)} 7. Qd2 {(01:03)} e5 {(00:12)} 8.
Nge2 {(08:34)} a6 {(05:49)} 9. g4 {(09:09)} exd4 {(
20:49)} 10. Nxd4 {(01:09)} Nd7 {(20:04)} 11. Nxc6 {(04:52]
} bxc6 {(00:10)} 12. O-O-O {(00:23)} Ne5 {(01:14)} 13. Be2
{(03:22)} Be6 {(07:03)} 14. b3 {(02:12)} a5 {(02:
06)} 15. Na4 {(04:10)} c5 {(00:56)} 16. Bh6 {(06:29)} Bh8
{(07:38)} 17. Bxf8 {(03:45)} Qxf8 {(00:12)} 18. Nc3 {
(04:33)} a4 {(00:43)} 19. Kc2 {(02:33)} Nc6 {(00:
42)} 20. Nxa4 {(13:57)} Nb4+ {(00:23)} 21. Kc1 {(10:53)}
Rxa4 {(00:15)} 22. bxa4 {(00:40)} Qg7 {(00:07)} 23. Bd3 {
(03:21)} Nxd3+ {(00:13)} 24. Kc2 {(00:40)} Qd4 {(
06:18)} 25. Rb1 {(05:00)} Qxc4+ {(00:23)} 26. Kd1 {(01:08]
} Bc3 {(00:10)} 27. Qe2 {(05:14)} Qxa4+ {(00:38)} 28. Qc2
{(01:06)} Nf2+ {(00:07)} 29. Kc1 {(00:29)} Qa3+ {(
00:05)} 30. Rb2 {(00:12)} Qxb2+ {(00:10)} 31. Qxb2 {(00:
06)} Bxb2+ {(00:07)} 32. Kxb2 {(00:38)} Nxh1 {(00:06)} 0-1

[Event "42nd Olympiad Baku 2016 Open"]
[Site "Baku"]
[Date "2016.09.05"]
[Round "4.18"]
[White "Alhadad, Mahmoud"]
[Black "Mansour, Sameer"]
[Result "0-1"]
[ECO "B34"]
[WhiteElo "1999"]
[BlackElo "2245"]
[Annotator ""]
[PlyCount "68"]
[EventDate "2016.??.??"]
[EventCountry "AZE"]
[SourceTitle "playchess.com"]
[Source "ChessBase"]
[WhiteTeam "Palestine"]
[BlackTeam "Jordan"]
[WhiteTeamCountry "PLE"]
[BlackTeamCountry "JOR"]
[TimeControl "40/5400+30:1800+30"]

1. e4 {(00:00)} c5 {(00:00)} 2. Nf3 {(00:00)} Nc6 {
(00:00)} 3. d4 {(00:00)} cxd4 {(00:20)} 4. Nxd4 {(
00:00)} g6 {(00:19)} 5. Nc3 {(03:29)} Bg7 {(00:09)} 6. Be3
{(01:22)} Nf6 {(00:09)} 7. Qd2 {(07:43)} O-O {(01:
14)} 8. f3 {(01:43)} d5 {(00:28)} 9. Nxc6 {(03:08)} bxc6 {
(07:55)} 10. e5 {(20:03)} Nd7 {(01:10)} 11. f4 {(
00:13)} e6 {(00:11)} 12. h4 {(09:35)} c5 {(00:42)} 13.
Nxd5 {(12:23)} exd5 {(01:00)} 14. Qxd5 {(00:02)} Nb6 {
(02:40)} 15. Qf3 {(02:39)} h5 {(03:45)} 16. Bxc5 {(
05:59)} Bg4 {(00:09)} 17. Qb3 {(03:55)} Re8 {(01:02)} 18.
Bd3 {(01:38)} Bxe5 {(01:51)} 19. O-O {(04:47)} Bd4+ {
(05:16)} 20. Bxd4 {(00:02)} Qxd4+ {(00:13)} 21. Kh2 {
(00:07)} Re3 {(02:24)} 22. Qb5 {(01:56)} Rae8 {(01:
36)} 23. Qg5 {(00:47)} Qd5 {(13:29)} 24. Qh6 {(11:47)} Re2
{(03:45)} 25. Bxe2 {(03:47)} Rxe2 {(00:09)} 26. Rg1 {
(00:13)} Qf3 {(08:47)} 27. Kh1 {(01:11)} Qg3 {(07:
15)} 28. Qg5 {(00:11)} Nd5 {(09:30)} 29. Rad1 {(02:33)}
Nxf4 {(01:49)} 30. Qf6 {(02:31)} Re8 {(02:38)} 31. Rdf1 {
(00:35)} Re4 {(00:34)} 32. Qg5 {(01:08)} Ne6 {(04:
34)} 33. Qf6 {(00:26)} Bf5 {(00:13)} 34. Rf3 {(00:08)}
Rxh4+ {(00:12)} 0-1